AoeStats
← 七级床震

Arena

508908323Analyzed
4v4 RM · 9d ago on Sep 24, 2026· 48m 29s· 8 players
Game mode
Random Map
Map size
Large (8 player)
Population
200
Speed
Normal
Resources
Standard
Victory
Conquest
Starting age
Dark Age
Ending age
Imperial Age
RankedLock teamsTeams togetherTeam positionsShared explorationLock speedFull tech treeHidden civsTurbo modeCheats
Victory
Defeat
🇨🇳 Cumans · China
1380
+7
🇭🇰 Varangians · Hong Kong SAR China
1264
+11
🇨🇳 Khmer · China
1032
+20
🇨🇳 Wei · China
989
+22
🇸🇪 Inca · Sweden
1197
-17
🇮🇳 Varangians · India
1144
-15
🇫🇮 Saxons · Finland
1115
-14
🇫🇮 Celts · Finland
1114
-14
CTO
4:56 Loom
8:47 Feudal Age
8:57 Loom
9:38 Double-Bit Axe
12:31 Loom
13:47 Horse Collar
20:49 Castle Age
20:00 Bloodlines
20:21 Forging
20:55 Scale Barding Armor
23:41 Scale Barding Armor
24:01 Bow Saw
26:31 Loom
27:23 Iron Casting
27:12 Gold Mining
29:45 Gold Shaft Mining
29:49 Stone Mining
30:23 Heavy Plow
33:46 Wheelbarrow
32:56 Town Watch
33:35 Fletching
33:45 Padded Archer Armor
34:43 Ballistics
34:33 Masonry
34:45 Hand Cart
35:00 Thumb Ring
34:51 Bodkin Arrow
35:12 Leather Archer Armor
38:42 Imperial Age
37:37 Chain Barding Armor
39:46 Conscription
39:55 Conscription
40:38 Chemistry
40:07 Parthian Tactics
39:39 Elite Steppe Lancer
41:49 Plate Barding Armor
41:47 Ring Archer Armor
40:45 Elite Kipchak
41:26 Herbal Medicine
42:26 Steppe Husbandry
43:04 Hoardings
42:56 Cuman Mercenaries
44:04 Blast Furnace
44:11 Crop Rotation
44:42 Two-Man Saw
七级床震
9:47 Feudal Age
14:00 Castle Age
12:35 Double-Bit Axe
21:37 Gold Mining
21:37 Stone Mining
22:53 Horse Collar
24:03 Loom
24:54 Wheelbarrow
24:04 Town Watch
25:25 Bow Saw
25:43 Masonry
28:27 Imperial Age
25:45 Town Watch
26:51 Forging
26:46 Scale Barding Armor
27:31 Ballistics
28:36 Gold Shaft Mining
28:25 Masonry
30:09 Conscription
30:54 Chemistry
30:17 Chain Barding Armor
30:08 Heavy Plow
30:57 Double Crossbow
32:18 Bloodlines
31:29 Light Cavalry
32:34 Tusk Swords
32:00 Elite Ballista Elephant
33:18 Husbandry
34:22 Crop Rotation
35:05 Stone Shaft Mining
35:22 Iron Casting
36:09 Plate Barding Armor
36:02 Hussar
38:34 Hand Cart
38:19 Town Patrol
别忘了喝醉
10:25 Feudal Age
14:14 Castle Age
12:25 Double-Bit Axe
24:31 Wheelbarrow
29:10 Imperial Age
27:04 Scale Barding Armor
27:10 Forging
28:36 Chain Barding Armor
28:47 Bloodlines
28:37 Husbandry
29:40 Iron Casting
28:48 Horse Collar
29:24 Bow Saw
30:27 Conscription
31:45 Plate Barding Armor
32:11 Blast Furnace
31:52 Heavy Plow
32:56 Two-Man Saw
32:03 Stone Mining
32:04 Gold Mining
32:09 Elite Jarl
33:53 Stone Shaft Mining
33:53 Crop Rotation
34:27 Blast Furnace
浩
3:15 Loom
10:05 Feudal Age
14:48 Castle Age
13:15 Double-Bit Axe
14:12 Horse Collar
16:07 Heavy Plow
17:41 Wheelbarrow
19:08 Bow Saw
22:15 Hand Cart
24:50 Tuntian
24:59 Gold Mining
26:01 Husbandry
26:15 Bloodlines
26:13 Fletching
27:31 Gold Shaft Mining
31:05 Imperial Age
28:55 Stone Mining
30:44 Thumb Ring
30:45 Bodkin Arrow
31:42 Padded Archer Armor
32:25 Parthian Tactics
33:15 Ballistics
34:59 Conscription
35:09 Ming Guang Armor
34:50 Treadmill Crane
35:13 Bracer
35:29 Leather Archer Armor
35:53 Heavy Hei Guang Cavalry
37:30 Ring Archer Armor
39:43 Scale Barding Armor
40:28 Forging
41:21 Stone Shaft Mining
43:01 Iron Casting
45:06 Chemistry
45:13 Blast Furnace
44:34 Chain Barding Armor
War Hero
11:09 Feudal Age
15:02 Castle Age
12:48 Horse Collar
12:54 Double-Bit Axe
16:14 Bow Saw
16:18 Heavy Plow
22:54 Wheelbarrow
25:05 Hand Cart
24:37 Town Watch
25:52 Loom
30:34 Imperial Age
28:16 Scale Barding Armor
28:49 Husbandry
29:29 Forging
29:40 Chain Barding Armor
29:33 Bloodlines
30:05 Ballistics
29:44 Gold Mining
29:44 Stone Mining
32:05 Iron Casting
32:05 Conscription
32:25 Plate Barding Armor
32:15 Scale Mail Armor
32:05 Fletching
32:39 Squires
32:24 Gambesons
35:23 Blast Furnace
34:20 Bodkin Arrow
34:13 Arson
35:41 Two-Man Saw
35:17 Crop Rotation
35:19 Bracer
35:34 Chain Mail Armor
35:30 Padded Archer Armor
36:25 Cavalier
36:35 Elite Jarl
37:08 Onager
38:51 Town Patrol
39:14 Light Cavalry
41:12 Chemistry
40:53 Masonry
40:38 Murder Holes
41:04 Cavalier
41:10 Hussar
42:08 Pikeman
43:21 Leather Archer Armor
43:36 Plate Mail Armor
42:48 Halberdier
43:59 Plate Mail Armor
44:46 Ring Archer Armor
Wickerman313
11:04 Feudal Age
14:53 Castle Age
12:44 Double-Bit Axe
12:42 Horse Collar
14:29 Loom
16:04 Bow Saw
16:09 Heavy Plow
23:45 Wheelbarrow
27:00 Hand Cart
27:06 Pikeman
32:08 Imperial Age
31:18 Scale Mail Armor
31:29 Forging
30:58 Pikeman
31:34 Man-at-Arms
32:00 Gambesons
32:33 Chain Mail Armor
32:38 Halberdier
32:51 Heavy Scorpion
34:21 Plate Mail Armor
34:27 Iron Casting
37:28 Blast Furnace
38:34 Furor Celtica
38:47 Conscription
39:55 Capped Ram
40:51 Siege Ram
42:36 Chemistry
41:57 Ballistics
42:16 Masonry
42:17 Siege Engineers
TFS|Nappa
9:59 Feudal Age
14:09 Castle Age
12:04 Double-Bit Axe
12:33 Horse Collar
13:10 Loom
17:13 Bow Saw
30:23 Scale Mail Armor
34:35 Forging
34:58 Heavy Plow
35:11 Squires
35:06 Pikeman
37:09 Arson
40:22 Chain Mail Armor
40:43 Iron Casting
40:47 Wheelbarrow
Jhois
10:46 Feudal Age
15:57 Castle Age
15:48 Double-Bit Axe
15:46 Horse Collar
18:30 Bow Saw
20:08 Heavy Plow
20:25 Pikeman
21:06 Squires
22:33 Scale Mail Armor
23:21 Loom
25:13 Wheelbarrow
24:38 Gold Mining
24:48 Town Watch
26:43 Hand Cart
26:48 Chain Mail Armor
26:44 Forging
27:59 Town Patrol
32:22 Imperial Age
31:52 Arson
32:48 Elite Kamayuk
35:26 Plate Mail Armor
35:42 Halberdier
36:39 Onager
40:04 Conscription
41:29 Fletching
41:03 Elite Skirmisher
41:49 Thumb Ring
42:19 Fabric Shields
42:24 Andean Sling
43:32 Bodkin Arrow
43:38 Padded Archer Armor
45:06 Siege Engineers
46:02 Chemistry
45:58 Bracer
46:14 Leather Archer Armor
Connection lost

Rejoining the realm…

Still unreachable

The connection could not be restored.

Session expired

The server has moved on; the page needs a fresh start.